[Event "42nd Olympiad Baku 2016 Open"]
[Site "Baku"]
[Date "2016.09.05"]
[Round "4.21"]
[White "Lodhi, Mahmood"]
[Black "Rehan, Deng Cypriano"]
[Result "1-0"]
[ECO "A11"]
[WhiteElo "2334"]
[BlackElo "1899"]
[Annotator ""]
[PlyCount "93"]
[EventDate "2016.??.??"]
[EventCountry "AZE"]
[SourceTitle "playchess.com"]
[Source "ChessBase"]
[WhiteTeam "PAK"]
[BlackTeam "SSD"]
[WhiteTeamCountry "PAK"]
[TimeControl "40/5400+30:1800+30"]

1. d4 {(00:00)} d5 {(00:08)} 2. Nf3 {(00:00)} c6 {(
00:33)} 3. g3 {(00:00)} Nf6 {(00:34)} 4. Bg2 {(00:32)} g6
{(00:15)} 5. O-O {(00:14)} Bg7 {(00:07)} 6. c4 {(
02:29)} e6 {(02:20)} 7. b3 {(01:15)} O-O {(00:44)} 8. Bb2
{(00:12)} Nbd7 {(05:34)} 9. Nc3 {(00:22)} Re8 {(01:
44)} 10. Qc2 {(02:13)} Qa5 {(06:14)} 11. Nd2 {(08:58)} e5
{(05:23)} 12. cxd5 {(06:33)} cxd5 {(03:22)} 13. Nxd5 {
(04:43)} Nxd5 {(02:39)} 14. Nc4 {(01:34)} Qa6 {(06:
59)} 15. Bxd5 {(00:43)} exd4 {(00:34)} 16. Qd2 {(03:08)}
Nb6 {(01:14)} 17. Bxf7+ {(07:33)} Kxf7 {(05:32)} 18. Nd6+
{(00:12)} Kf8 {(01:13)} 19. Nxe8 {(00:31)} Kxe8 {(
01:17)} 20. Bxd4 {(00:28)} Kf8 {(11:46)} 21. Bxg7+ {(01:
32)} Kxg7 {(00:28)} 22. Rac1 {(00:03)} Be6 {(00:31)} 23.
Rc7+ {(01:58)} Bf7 {(00:59)} 24. Rfc1 {(08:54)} Rf8 {
(09:29)} 25. R1c5 {(00:33)} Na8 {(07:43)} 26. Rc8 {
(07:05)} Rxc8 {(08:37)} 27. Rxc8 {(00:12)} Qf6 {(
07:49)} 28. Rxa8 {(00:51)} a6 {(03:07)} 29. Rd8 {(00:56)}
g5 {(01:28)} 30. Qd4 {(00:27)} Qxd4 {(00:17)} 31. Rxd4 {
(00:07)} Be8 {(00:10)} 32. h4 {(00:18)} h6 {(00:34]
} 33. hxg5 {(00:07)} hxg5 {(00:01)} 34. Rd6 {(00:09)} Bb5
{(00:38)} 35. f4 {(00:24)} gxf4 {(00:35)} 36. gxf4 {
(00:15)} Bxe2 {(00:15)} 37. Rd7+ {(00:10)} Kf6 {(
00:13)} 38. Kf2 {(00:08)} Bb5 {(00:49)} 39. Rxb7 {(00:15)}
Kf5 {(00:21)} 40. Ke3 {(00:00)} Bf1 {(00:00)} 41. a4 {
(00:27)} Bg2 {(00:51)} 42. Rg7 {(00:31)} Bf1 {(00:
32)} 43. Rg1 {(01:07)} Bh3 {(01:22)} 44. b4 {(00:22)} Kf6
{(00:19)} 45. b5 {(00:10)} axb5 {(01:35)} 46. axb5 {
(00:26)} Bd7 {(00:20)} 47. b6 {(00:18)} 1-0

[Event "42nd Olympiad Baku 2016 Open"]
[Site "Baku"]
[Date "2016.09.05"]
[Round "4.15"]
[White "Lorenzana, Wilson Estuardo"]
[Black "Glud, Jakob Vang"]
[Result "0-1"]
[ECO "C50"]
[WhiteElo "2239"]
[BlackElo "2526"]
[Annotator ""]
[PlyCount "78"]
[EventDate "2016.??.??"]
[EventCountry "AZE"]
[SourceTitle "playchess.com"]
[Source "ChessBase"]
[WhiteTeam "Guatemala"]
[BlackTeam "Denmark"]
[WhiteTeamCountry "GUA"]
[BlackTeamCountry "DEN"]
[TimeControl "40/5400+30:1800+30"]

1. e4 {(00:00)} e5 {(00:00)} 2. Bc4 {(00:15)} Nc6 {
(00:01)} 3. d3 {(00:46)} Nf6 {(00:25)} 4. Nf3 {(02:
22)} Bc5 {(00:12)} 5. c3 {(01:01)} a6 {(00:07)} 6. Bb3 {
(00:31)} Ba7 {(00:31)} 7. O-O {(03:47)} d6 {(00:03]
} 8. Bg5 {(01:23)} h6 {(00:42)} 9. Be3 {(00:05)} O-O {
(02:02)} 10. Nbd2 {(05:08)} Re8 {(03:25)} 11. d4 {(
18:14)} exd4 {(14:54)} 12. Nxd4 {(00:11)} Ne5 {(00:29)}
13. Nc2 {(07:31)} c5 {(02:15)} 14. a4 {(12:55)} d5 {
(03:28)} 15. exd5 {(02:07)} Nxd5 {(00:48)} 16. Nc4 {
(03:54)} Bg4 {(08:02)} 17. f3 {(06:01)} Nxc4 {(02:
06)} 18. Bxc4 {(00:20)} Be6 {(00:03)} 19. Bxd5 {(05:53)}
Bxd5 {(03:26)} 20. Rf2 {(06:13)} Bb3 {(01:56)} 21. Rd2 {
(01:35)} Qe7 {(01:43)} 22. Bf2 {(01:18)} Rad8 {(00:
06)} 23. a5 {(06:05)} Bb8 {(07:58)} 24. g3 {(04:35)} Bc7 {
(02:37)} 25. Ra3 {(04:10)} c4 {(01:21)} 26. Bd4 {(
03:37)} Rd5 {(03:00)} 27. Qf1 {(00:55)} Bxa5 {(00:33)} 28.
Na1 {(00:26)} Rxd4 {(03:03)} 29. Rxd4 {(00:56)} Bb6 {
(03:38)} 30. Nxb3 {(00:28)} cxb3 {(00:05)} 31. Raa4 {
(01:59)} Bxd4+ {(01:26)} 32. Rxd4 {(00:01)} Qe2 {(
00:12)} 33. Qf2 {(00:19)} Qe1+ {(01:13)} 34. Qxe1 {(00:16]
} Rxe1+ {(00:05)} 35. Kf2 {(00:05)} Rh1 {(00:07)} 36. Rd8+
{(02:03)} Kh7 {(00:13)} 37. h4 {(00:31)} Rh2+ {(00:
16)} 38. Ke3 {(00:04)} Rxb2 {(00:04)} 39. Rd7 {(00:20)} b5
{(00:15)} 0-1

[Event "42nd Olympiad Baku 2016 Open"]
[Site "Baku"]
[Date "2016.09.05"]
[Round "4.7"]
[White "Lorparizangeneh, Shahin"]
[Black "Morris, Charles F"]
[Result "1-0"]
[ECO "A05"]
[WhiteElo "2478"]
[BlackElo "2127"]
[Annotator ""]
[PlyCount "75"]
[EventDate "2016.??.??"]
[EventCountry "AZE"]
[SourceTitle "playchess.com"]
[Source "ChessBase"]
[WhiteTeam "Iran"]
[BlackTeam "Wales"]
[WhiteTeamCountry "IRI"]
[BlackTeamCountry "WLS"]
[TimeControl "40/5400+30:1800+30"]

1. Nf3 {(00:00)} Nf6 {(00:12)} 2. g3 {(00:23)} d5 {
(03:45)} 3. Bg2 {(00:53)} c5 {(03:39)} 4. O-O {(00:
33)} Nc6 {(00:13)} 5. d4 {(00:05)} e6 {(09:53)} 6. c4 {
(07:45)} dxc4 {(03:21)} 7. Ne5 {(06:02)} Nxe5 {(03:
01)} 8. dxe5 {(00:13)} Qxd1 {(00:04)} 9. Rxd1 {(00:07)}
Nd7 {(00:01)} 10. Na3 {(09:33)} Be7 {(08:36)} 11. Nxc4 {
(02:58)} Rb8 {(04:59)} 12. Bf4 {(03:24)} g5 {(07:
19)} 13. Be3 {(01:28)} O-O {(00:15)} 14. f4 {(16:11)} gxf4
{(15:37)} 15. gxf4 {(00:19)} Rd8 {(00:22)} 16. a4 {
(06:22)} b6 {(02:40)} 17. a5 {(04:50)} Bb7 {(02:31]
} 18. axb6 {(02:06)} Nxb6 {(04:55)} 19. Rxd8+ {(05:45)}
Bxd8 {(00:05)} 20. Nd6 {(01:00)} Bxg2 {(01:06)} 21. Kxg2 {
(00:04)} Nd5 {(00:14)} 22. Bc1 {(00:46)} a5 {(13:
48)} 23. e4 {(02:06)} Nb4 {(00:09)} 24. Ra3 {(00:08)} Bc7
{(01:35)} 25. Nc4 {(19:11)} Rd8 {(02:55)} 26. Rg3+ {
(02:16)} Kf8 {(04:25)} 27. Be3 {(00:04)} Nd3 {(01:
35)} 28. Kf3 {(00:31)} Rb8 {(01:36)} 29. Ke2 {(01:11)} Rb3
{(00:43)} 30. Bd2 {(00:31)} Nxb2 {(01:10)} 31. Rxb3 {
(00:06)} Nxc4 {(00:02)} 32. Rb7 {(01:07)} Bd8 {(02:
13)} 33. Bc3 {(00:11)} a4 {(01:09)} 34. Kd3 {(00:06)} Na3
{(01:29)} 35. f5 {(02:05)} exf5 {(01:21)} 36. exf5 {
(00:07)} Ke8 {(00:17)} 37. f6 {(00:45)} h5 38. Ke4 1-0

[Event "42nd Olympiad Baku 2016 Open"]
[Site "Baku"]
[Date "2016.09.05"]
[Round "4.4"]
[White "Lukey, Stephen G"]
[Black "Hernandez, Mauricio Daniel"]
[Result "1-0"]
[ECO "D15"]
[WhiteElo "2217"]
[BlackElo "2027"]
[Annotator ""]
[PlyCount "83"]
[EventDate "2016.??.??"]
[EventCountry "AZE"]
[SourceTitle "playchess.com"]
[Source "ChessBase"]
[WhiteTeam "New Zealand"]
[BlackTeam "El Salvador"]
[WhiteTeamCountry "NZL"]
[BlackTeamCountry "ESA"]
[TimeControl "40/5400+30:1800+30"]

1. d4 {(00:00)} d5 {(00:00)} 2. c4 {(00:00)} c6 {(
00:00)} 3. Nf3 {(00:00)} Nf6 {(00:07)} 4. Nc3 {(00:00)} a6
{(00:37)} 5. c5 {(01:28)} b6 {(06:14)} 6. cxb6 {(
00:37)} Qxb6 {(00:44)} 7. g3 {(10:14)} e6 {(11:32)} 8. Bg2
{(01:19)} Nbd7 {(05:07)} 9. O-O {(01:15)} Bd6 {(00:
30)} 10. Qc2 {(29:24)} Bb7 {(06:41)} 11. e4 {(10:23)} dxe4
{(05:16)} 12. Ng5 {(05:31)} Be7 {(02:42)} 13. Ncxe4 {
(07:37)} Nd5 {(01:29)} 14. Rd1 {(03:16)} Rc8 {(01:
31)} 15. Qe2 {(02:50)} O-O {(10:32)} 16. Qh5 {(00:04)}
N7f6 {(03:45)} 17. Qh3 {(00:21)} h6 {(07:53)} 18. Nxf6+ {
(00:55)} Bxf6 {(00:27)} 19. Be4 {(10:41)} Bxg5 {(
04:57)} 20. Bxg5 {(00:44)} f5 {(00:32)} 21. Bxd5 {(01:12)}
cxd5 {(00:26)} 22. Bf4 {(02:00)} Kh7 {(10:16)} 23. Qh5 {
(03:08)} Bc6 {(02:42)} 24. Qe2 {(01:26)} Bb5 {(00:
23)} 25. Qd2 {(01:07)} Be8 {(04:32)} 26. Qe2 {(00:39)} Bb5
{(00:11)} 27. Qd2 {(00:03)} Be8 28. Re1 {(01:36)} Bh5 {
(04:43)} 29. Re3 {(00:03)} g5 {(04:33)} 30. Be5 {(
00:53)} Rc4 {(00:21)} 31. Rae1 {(02:12)} Bf7 {(03:21)} 32.
Rb3 {(01:13)} Qc6 {(00:15)} 33. Qe3 {(01:13)} Rc8 {
(02:46)} 34. Kg2 {(00:05)} Re8 {(01:03)} 35. h4 {(
00:05)} f4 {(00:19)} 36. gxf4 {(02:07)} gxh4 {(00:26)} 37.
Kh2 {(00:31)} Rg8 {(00:26)} 38. Rg1 {(00:59)} Rxg1 {
(00:54)} 39. Kxg1 Qe8 {(00:27)} 40. Rb8 {(00:00)} Rc8 {
(00:00)} 41. Qd3+ {(03:10)} Bg6 {(03:11)} 42. Rb7+ {
(01:21)} 1-0

[Event "42nd Olympiad Baku 2016 Open"]
[Site "Baku"]
[Date "2016.09.05"]
[Round "4.13"]
[White "Lupulescu, Constantin"]
[Black "Mamedyarov, Shakhriyar"]
[Result "0-1"]
[ECO "D43"]
[WhiteElo "2618"]
[BlackElo "2761"]
[Annotator ""]
[PlyCount "122"]
[EventDate "2016.??.??"]
[EventCountry "AZE"]
[SourceTitle "playchess.com"]
[Source "ChessBase"]
[WhiteTeam "Romania"]
[BlackTeam "Azerbaijan"]
[WhiteTeamCountry "ROU"]
[BlackTeamCountry "AZE"]
[TimeControl "40/5400+30:1800+30"]

1. d4 {(00:00)} d5 {(00:00)} 2. c4 {(00:00)} c6 {(
00:00)} 3. Nf3 {(00:00)} Nf6 {(00:00)} 4. Nc3 {(00:00)} e6
{(00:03)} 5. Bg5 {(00:01)} h6 {(00:06)} 6. Bxf6 {(
00:09)} Qxf6 {(00:05)} 7. e3 {(00:08)} g6 {(00:53)} 8. Be2
{(01:15)} Bg7 {(00:12)} 9. e4 {(00:35)} O-O {(00:
25)} 10. O-O {(08:19)} Qd8 {(00:18)} 11. e5 {(09:43)} dxc4
{(00:14)} 12. Bxc4 {(00:57)} c5 {(00:05)} 13. dxc5 {
(03:50)} Nd7 {(00:53)} 14. Qe2 {(04:11)} Nxc5 {(00:
19)} 15. Rfd1 {(04:54)} Qe7 {(00:06)} 16. Nb5 {(02:20)}
Bd7 {(08:54)} 17. Nd6 {(01:32)} Bc6 {(00:10)} 18. Nd4 {
(08:02)} Qg5 {(00:10)} 19. Nxc6 {(02:48)} bxc6 {(
00:02)} 20. Re1 {(14:34)} Nd7 {(02:24)} 21. Qe4 {(00:45)}
Nxe5 {(02:22)} 22. f4 {(00:23)} Nf3+ {(00:02)} 23. Kh1 {
(01:50)} Qc5 {(06:26)} 24. Qxf3 {(01:30)} Qxd6 {(
00:03)} 25. Rad1 {(00:17)} Qc7 {(05:40)} 26. g4 {(09:16)}
Bf6 {(05:10)} 27. f5 {(05:54)} exf5 {(00:18)} 28. gxf5 {
(00:05)} g5 {(00:06)} 29. b3 {(03:13)} Kg7 {(02:29]
} 30. Qg3 {(05:26)} Qa5 {(02:04)} 31. Qf3 {(01:12)} Rae8 {
(04:42)} 32. Rf1 {(03:22)} Qc7 {(03:30)} 33. Rd2 {(
02:35)} Rd8 {(02:29)} 34. Rc2 {(00:23)} c5 {(05:29)} 35.
Qg2 {(01:28)} Rd4 {(01:29)} 36. Rd2 {(02:48)} Re8 {
(01:17)} 37. Rxd4 {(01:00)} cxd4 {(00:15)} 38. a4 {
(00:44)} Re5 {(05:25)} 39. Qf3 {(00:34)} Re3 {(00:
31)} 40. Qd5 {(00:00)} g4 {(00:00)} 41. a5 {(02:24)} h5 {
(09:48)} 42. a6 {(00:59)} Re7 {(02:53)} 43. Qg2 {(
02:30)} Qd6 {(01:32)} 44. Rd1 {(03:35)} Qf4 {(07:27)} 45.
Rf1 {(01:15)} Qd6 {(05:46)} 46. Rd1 {(00:32)} Qb4 {
(04:56)} 47. Qd5 {(04:57)} Qc3 {(01:03)} 48. Rf1 {(
00:28)} Qe3 {(02:02)} 49. Rg1 {(03:09)} Kh6 {(05:36)} 50.
Qc6 {(04:27)} Kh7 {(02:46)} 51. Rf1 {(01:14)} Kg7 {
(01:40)} 52. Qd5 {(00:30)} Rc7 {(01:44)} 53. Rg1 {(
01:31)} Be5 {(03:44)} 54. Rf1 {(01:41)} Kh6 {(01:35)} 55.
f6 {(02:33)} Rxc4 {(04:27)} 56. bxc4 {(01:59)} d3 {
(00:12)} 57. Qg2 {(03:30)} d2 {(00:32)} 58. Rd1 {(
00:36)} Bf4 {(00:09)} 59. c5 {(03:57)} Qxc5 {(00:26)} 60.
h3 {(00:25)} Qe3 {(00:48)} 61. hxg4 {(00:58)} Qe1+ {
(00:03)} 0-1

[Event "42nd Olympiad Baku 2016 Open"]
[Site "Baku"]
[Date "2016.09.05"]
[Round "4.24"]
[White "Lynch, Kemp"]
[Black "Mahdia, Farage"]
[Result "1/2-1/2"]
[ECO "B42"]
[WhiteElo "1992"]
[BlackElo "2023"]
[Annotator ""]
[PlyCount "52"]
[EventDate "2016.??.??"]
[EventCountry "AZE"]
[SourceTitle "playchess.com"]
[Source "ChessBase"]
[WhiteTeam "Barbados"]
[BlackTeam "Libya"]
[WhiteTeamCountry "BAR"]
[BlackTeamCountry "LBY"]
[TimeControl "40/5400+30:1800+30"]

1. e4 {(00:00)} c5 {(00:11)} 2. Nf3 {(00:00)} e6 {(
00:28)} 3. d4 {(00:00)} cxd4 {(00:06)} 4. Nxd4 {(00:00)}
a6 {(00:15)} 5. Bd3 {(00:05)} Qc7 {(00:29)} 6. O-O {
(02:03)} Nf6 {(00:20)} 7. Qe2 {(00:39)} d6 {(01:44]
} 8. c4 {(00:41)} Nbd7 {(02:17)} 9. Nc3 {(00:56)} Ne5 {
(01:13)} 10. f3 {(09:22)} Be7 {(03:07)} 11. Be3 {(
04:09)} Nxd3 {(00:32)} 12. Qxd3 {(00:10)} O-O 13. b3 {(01:
26)} Bd7 {(02:47)} 14. a4 {(04:35)} Rac8 {(03:32)} 15.
Nde2 {(04:10)} Rfd8 {(08:30)} 16. a5 {(03:33)} Qb8 {
(10:39)} 17. Bb6 {(02:49)} Rf8 {(02:19)} 18. Rfd1 {
(01:24)} Bc6 {(01:29)} 19. Be3 {(09:18)} Nd7 {(08:
14)} 20. f4 {(09:07)} Nf6 {(03:27)} 21. h3 {(01:06)} Rfd8
{(06:51)} 22. Bb6 {(00:58)} Rf8 {(01:57)} 23. Be3 {
(00:28)} Rfd8 {(01:03)} 24. Bb6 {(00:10)} Rf8 {(01:
23)} 25. Be3 {(00:12)} Rfd8 {(06:13)} 26. Bb6 {(00:07)}
Re8 {(01:03)} 1/2-1/2

[Event "42nd Olympiad Baku 2016 Open"]
[Site "Baku"]
[Date "2016.09.05"]
[Round "4.11"]
[White "Maccapani, Massimiliano"]
[Black "Botsoe, Koffi"]
[Result "1-0"]
[ECO "A52"]
[WhiteElo "1971"]
[BlackElo "1610"]
[Annotator ""]
[PlyCount "87"]
[EventDate "2016.??.??"]
[EventCountry "AZE"]
[SourceTitle "playchess.com"]
[Source "ChessBase"]
[WhiteTeam "San Marino"]
[BlackTeam "Togo"]
[WhiteTeamCountry "SMR"]
[BlackTeamCountry "TOG"]
[TimeControl "40/5400+30:1800+30"]

1. d4 {(00:00)} Nf6 {(00:00)} 2. c4 {(00:00)} e5 {(
01:21)} 3. dxe5 {(00:00)} Ng4 {(00:09)} 4. Nf3 {(00:04)}
Nc6 {(00:52)} 5. e3 {(05:46)} Ngxe5 {(02:36)} 6. Be2 {
(00:27)} Bb4+ {(03:35)} 7. Bd2 {(01:53)} Bxd2+ {(
05:21)} 8. Qxd2 {(00:21)} d6 {(00:17)} 9. Nc3 {(04:05)}
Be6 {(03:00)} 10. b3 {(02:34)} O-O {(00:40)} 11. O-O {
(05:36)} Rb8 {(02:40)} 12. Nd4 {(06:28)} Bd7 {(02:
34)} 13. Nd5 {(02:06)} a6 {(00:40)} 14. Rac1 {(04:33)} Qg5
{(03:55)} 15. f4 {(01:01)} Qh4 {(05:41)} 16. fxe5 {
(00:41)} Nxe5 {(00:47)} 17. Nf3 {(01:10)} Nxf3+ {(
00:31)} 18. Bxf3 {(00:32)} Rfe8 {(01:59)} 19. Nxc7 {(03:
04)} Red8 {(03:45)} 20. Qf2 {(01:54)} Qe7 {(01:19)} 21.
Nd5 {(00:54)} Qe5 {(01:08)} 22. Qd2 {(09:33)} b5 {(
01:36)} 23. Qd4 {(04:30)} Qg5 {(00:51)} 24. c5 {(05:24)}
dxc5 {(02:09)} 25. Qxc5 {(00:10)} Re8 {(01:31)} 26. Qd4 {
(06:34)} Rbd8 {(00:40)} 27. Qf4 {(01:54)} Qg6 {(03:
58)} 28. e4 {(12:49)} Bc6 {(07:39)} 29. h4 {(03:04)} Bxd5
{(00:47)} 30. exd5 {(00:10)} Qd3 {(01:30)} 31. Rc7 {
(05:54)} f6 {(03:00)} 32. Rd1 {(01:27)} Qe3+ {(10:
08)} 33. Qxe3 {(00:06)} Rxe3 {(00:12)} 34. d6 {(00:15)}
Kf8 {(00:17)} 35. d7 {(04:30)} Ke7 {(01:20)} 36. Bc6 {
(02:54)} h6 {(02:02)} 37. Kf2 {(00:37)} Re5 {(00:
30)} 38. Re1 {(00:41)} Rxe1 {(01:59)} 39. Kxe1 {(00:00)}
b4 {(00:23)} 40. Rc8 {(00:00)} a5 {(00:00)} 41. h5 {
(05:41)} f5 {(08:48)} 42. Kf2 {(00:17)} Rxd7 {(00:
37)} 43. Bxd7 {(00:07)} Kxd7 44. Rg8 1-0

[Event "42nd Olympiad Baku 2016 Open"]
[Site "Baku"]
[Date "2016.09.05"]
[Round "4.11"]
[White "Malisauskas, Vidmantas"]
[Black "Franco Ocampos, Zenon"]
[Result "0-1"]
[ECO "A22"]
[WhiteElo "2434"]
[BlackElo "2496"]
[Annotator ""]
[PlyCount "106"]
[EventDate "2016.??.??"]
[EventCountry "AZE"]
[SourceTitle "playchess.com"]
[Source "ChessBase"]
[WhiteTeam "Lithuania"]
[BlackTeam "Paraguay"]
[WhiteTeamCountry "LTU"]
[BlackTeamCountry "PAR"]
[TimeControl "40/5400+30:1800+30"]

1. c4 {(00:00)} e5 {(00:00)} 2. Nc3 {(00:00)} Nf6 {
(00:04)} 3. g3 {(00:16)} d5 {(00:25)} 4. cxd5 {(00:
11)} Nxd5 {(00:04)} 5. Bg2 {(00:11)} Nb6 {(00:33)} 6. d3 {
(02:02)} Be7 {(02:05)} 7. Nf3 {(05:56)} Nc6 {(00:
07)} 8. a3 {(01:04)} O-O {(01:26)} 9. b4 {(00:14)} Be6 {
(00:33)} 10. Rb1 {(00:35)} f6 {(00:13)} 11. O-O {(
00:44)} a5 {(00:24)} 12. b5 {(05:19)} Nd4 {(00:09)} 13.
Nd2 {(00:10)} Qc8 {(00:57)} 14. e3 {(00:08)} Nf5 {(
00:06)} 15. Qc2 {(00:15)} Rd8 {(00:33)} 16. Rd1 {(06:03)}
Nh6 {(06:48)} 17. Nce4 {(02:50)} Nf7 {(14:45)} 18. Bb2 {
(00:34)} Bd5 {(16:49)} 19. d4 {(05:06)} f5 {(08:29]
} 20. Nc5 {(00:44)} Bxg2 {(03:29)} 21. Kxg2 {(00:07)} e4 {
(00:13)} 22. Nc4 {(01:27)} Nd5 {(03:03)} 23. Ne5 {(
00:11)} Nxe5 {(03:25)} 24. dxe5 {(00:13)} Bxc5 {(00:45)}
25. Qxc5 {(00:09)} Qe6 {(00:04)} 26. Rd4 {(02:32)} Qxe5 {
(02:28)} 27. Qc4 {(00:15)} Qe6 {(00:18)} 28. Kh1 {(
02:11)} Rd7 {(00:21)} 29. Rbd1 {(00:34)} Rad8 {(02:10)}
30. g4 {(00:14)} fxg4 {(01:41)} 31. Rxe4 {(04:33)} Qf7 {
(00:20)} 32. Kg1 {(02:10)} h5 {(03:07)} 33. Re5 {(
04:36)} Nf6 {(02:32)} 34. Qxf7+ {(01:31)} Kxf7 {(00:10)}
35. Bd4 {(00:06)} Rd5 {(04:22)} 36. Rc1 {(00:11)} R8d7 {
(02:52)} 37. Kg2 {(00:55)} Rxe5 {(04:15)} 38. Bxe5 {
(00:11)} Ne8 {(00:13)} 39. a4 {(01:06)} Ke6 {(00:
45)} 40. Bf4 {(00:00)} g6 {(00:00)} 41. Rc5 {(03:27)} Rd5
{(01:06)} 42. Rc4 {(02:29)} Kd7 {(00:04)} 43. e4 {(
00:20)} Rd3 {(00:31)} 44. e5 {(03:16)} Ng7 {(00:24)} 45.
Be3 {(00:11)} Ne6 {(00:51)} 46. h3 {(00:35)} gxh3+ {
(00:35)} 47. Kxh3 {(00:09)} g5 {(00:03)} 48. Kg3 {(
00:43)} Rd5 {(03:10)} 49. Re4 {(00:37)} c6 {(00:37)} 50.
bxc6+ {(00:11)} Kxc6 {(00:23)} 51. f4 {(00:30)} gxf4+ {
(00:34)} 52. Bxf4 {(00:08)} Rd3+ {(02:10)} 53. Kh4 {
(00:48)} Kd5 {(00:18)} 0-1

[Event "42nd Olympiad Baku 2016 Open"]
[Site "Baku"]
[Date "2016.09.05"]
[Round "4.30"]
[White "Mambe, Lobognon Anderson O"]
[Black "Rodi, Luis Ernesto"]
[Result "1-0"]
[ECO "C78"]
[WhiteElo "1880"]
[BlackElo "2340"]
[Annotator ""]
[PlyCount "129"]
[EventDate "2016.??.??"]
[EventCountry "AZE"]
[SourceTitle "playchess.com"]
[Source "ChessBase"]
[WhiteTeam "CIV"]
[BlackTeam "Uruguay"]
[BlackTeamCountry "URU"]
[TimeControl "40/5400+30:1800+30"]

1. e4 {(00:00)} e5 {(00:00)} 2. Nf3 {(00:00)} Nc6 {
(00:00)} 3. Bb5 {(00:28)} a6 {(00:00)} 4. Ba4 {(00:
14)} Nf6 {(00:01)} 5. O-O {(01:16)} b5 {(00:10)} 6. Bb3 {
(00:19)} Bb7 {(00:06)} 7. d3 {(00:53)} Bc5 {(00:51]
} 8. Bg5 {(03:54)} h6 {(00:17)} 9. Be3 {(01:54)} d6 {
(00:35)} 10. Nc3 {(05:03)} Nd4 {(11:41)} 11. Bxd4 {
(04:55)} Bxd4 {(00:08)} 12. Nxd4 {(00:38)} exd4 {(
00:02)} 13. Ne2 {(00:37)} c5 {(00:09)} 14. a4 {(06:06)}
O-O {(03:40)} 15. h3 {(01:31)} Qc7 {(01:30)} 16. f4 {
(00:57)} d5 {(03:09)} 17. e5 {(01:49)} Nd7 {(00:08]
} 18. c3 {(08:12)} c4 {(02:03)} 19. Bc2 {(01:06)} dxc3 {
(00:31)} 20. bxc3 {(00:38)} f6 {(01:00)} 21. d4 {(
01:49)} fxe5 {(05:11)} 22. fxe5 {(00:51)} Rxf1+ {(00:33)}
23. Qxf1 {(00:45)} Rf8 {(00:15)} 24. Qe1 {(00:31)} Bc6 {
(04:19)} 25. axb5 {(01:44)} axb5 {(00:08)} 26. Qg3 {
(00:26)} Rb8 {(04:09)} 27. Nf4 {(05:27)} Nf8 {(00:
16)} 28. Rf1 {(02:21)} Qd8 {(14:53)} 29. Ng6 {(06:09)} Ne6
{(02:30)} 30. Qg4 {(05:26)} Bd7 {(03:37)} 31. Qf3 {
(03:47)} Ng5 {(07:06)} 32. Qxd5+ {(01:39)} Be6 {(
00:02)} 33. Qxd8+ {(02:03)} Rxd8 {(00:01)} 34. Ne7+ {(01:
25)} Kh8 {(00:05)} 35. h4 {(00:22)} Nh7 {(01:39)} 36. Be4
{(01:14)} Bg4 {(13:02)} 37. d5 {(02:33)} g5 {(02:
35)} 38. Rf7 {(00:56)} Nf8 {(00:33)} 39. Rxf8+ {(00:29)}
Rxf8 {(00:02)} 40. Ng6+ {(00:00)} Kg7 {(00:00)} 41. Nxf8 {
(00:27)} Kxf8 {(00:02)} 42. hxg5 {(01:33)} hxg5 {(
00:02)} 43. d6 {(00:18)} b4 {(10:49)} 44. cxb4 {(00:45)}
c3 {(00:02)} 45. Kf2 {(01:14)} Kf7 {(00:05)} 46. Bd5+ {
(00:39)} Ke8 {(00:54)} 47. Ke3 {(00:41)} Bf5 {(01:
46)} 48. b5 {(00:16)} Kd7 {(01:41)} 49. b6 {(02:09)} Kc8 {
(00:01)} 50. b7+ {(01:47)} Kb8 {(00:02)} 51. e6 {(
00:26)} c2 {(02:09)} 52. Kd2 Bxe6 {(00:14)} 53. Bxe6 {(00:
30)} Kxb7 {(00:03)} 54. Kxc2 {(00:40)} Kc6 {(00:05)} 55.
d7 {(00:20)} Kc7 {(00:14)} 56. Kd3 {(00:09)} Kd8 {(
00:05)} 57. Ke4 {(00:13)} Ke7 {(00:01)} 58. Kf5 {(00:40)}
g4 {(00:07)} 59. g3 {(00:30)} Kd8 {(00:13)} 60. Kxg4 {
(00:13)} Ke7 {(00:04)} 61. Kf5 {(00:11)} Kd8 {(00:
01)} 62. g4 {(00:39)} Ke7 {(01:18)} 63. g5 {(00:11)} Kd8 {
(06:20)} 64. g6 {(00:30)} Ke7 {(00:07)} 65. g7 {(
00:29)} 1-0

[Event "42nd Olympiad Baku 2016 Open"]
[Site "Baku"]
[Date "2016.09.05"]
[Round "4.34"]
[White "Mandizha, Farai"]
[Black "Maqseed, Nasser"]
[Result "1-0"]
[ECO "A48"]
[WhiteElo "2363"]
[BlackElo "2000"]
[Annotator ""]
[PlyCount "103"]
[EventDate "2016.??.??"]
[EventCountry "AZE"]
[SourceTitle "playchess.com"]
[Source "ChessBase"]
[WhiteTeam "Zimbabwe"]
[BlackTeam "Kuwait"]
[WhiteTeamCountry "ZIM"]
[BlackTeamCountry "KUW"]
[TimeControl "40/5400+30:1800+30"]

1. d4 {(00:00)} Nf6 {(00:00)} 2. Nf3 {(00:00)} g6 {
(00:00)} 3. c4 {(05:02)} Bg7 {(00:00)} 4. Nc3 {(00:
02)} d6 {(00:12)} 5. h3 {(04:20)} O-O {(00:26)} 6. Bf4 {
(01:23)} Nbd7 {(03:19)} 7. e3 {(00:22)} b6 {(02:11]
} 8. Be2 {(00:37)} Bb7 {(00:20)} 9. Qc2 {(00:17)} a6 {
(11:34)} 10. O-O {(00:27)} Qe8 {(00:13)} 11. Bh2 {(
01:09)} e5 {(01:00)} 12. Rfe1 {(02:18)} Qe7 {(14:37)} 13.
b4 {(01:30)} e4 {(03:56)} 14. Nd2 {(00:10)} Rfe8 {(
01:49)} 15. a4 {(01:57)} c5 {(12:36)} 16. bxc5 {(00:30)}
bxc5 {(01:01)} 17. d5 {(00:25)} Reb8 {(07:23)} 18. Rab1 {
(00:33)} Bc8 {(00:39)} 19. Ncxe4 {(02:42)} Nxe4 {(
00:16)} 20. Nxe4 {(00:16)} Ne5 {(01:00)} 21. Nd2 {(00:59)}
a5 {(02:44)} 22. f4 {(06:35)} Nd7 {(00:16)} 23. e4 {
(00:33)} Rb4 {(02:55)} 24. Nf3 {(05:09)} Rab8 {(00:
12)} 25. Bd3 {(01:56)} Ba6 {(08:28)} 26. e5 {(04:39)} Rxb1
{(01:07)} 27. Rxb1 {(00:18)} Rxb1+ {(03:05)} 28. Qxb1 {
(00:02)} dxe5 {(00:37)} 29. fxe5 {(00:03)} Nxe5 {(
04:18)} 30. Qb8+ {(00:26)} Qf8 {(06:25)} 31. Qxf8+ {(00:
17)} Kxf8 {(00:08)} 32. Bxe5 {(00:06)} Bxe5 {(02:20)} 33.
Nxe5 Bc8 {(02:28)} 34. Bc2 {(07:20)} Ke7 {(01:33)} 35.
Nc6+ {(00:45)} Kd6 {(00:23)} 36. Nxa5 {(00:14)} Ke5 {
(00:38)} 37. Nb3 {(00:40)} Ba6 {(02:23)} 38. Bd3 {(
00:32)} g5 {(01:17)} 39. Nxc5 {(00:19)} Bc8 {(01:13)} 40.
Nb3 {(00:00)} f5 {(00:00)} 41. Kf2 {(11:19)} h5 {(
00:52)} 42. a5 {(01:11)} h4 {(08:16)} 43. Bf1 {(00:49)} g4
{(09:25)} 44. Nc5 {(00:36)} Kd4 {(02:02)} 45. Ne6+ {
(00:11)} Ke5 {(02:49)} 46. Be2 {(00:23)} gxh3 {(04:
51)} 47. gxh3 {(00:02)} Ke4 {(02:00)} 48. Bf3+ {(00:43)}
Kd3 {(00:31)} 49. c5 {(00:11)} Kc4 {(00:25)} 50. c6 {
(00:18)} Kb5 {(00:42)} 51. d6 {(00:10)} Bxe6 {(01:
11)} 52. d7 {(00:35)} 1-0